 Dungeon Crawl Stone Soup version 0.16-a0-3770-gc215ce9 (webtiles) character file.

86 Johnny the Skirmisher (level 4, 0/33 HPs)
             Began as an Octopode Fighter on Jan 24, 2015.
             Slain by a crocodile (18 damage)
             ... in a sewer.
             The game lasted 00:01:41 (2024 turns).

Johnny the Skirmisher (Octopode Fighter)            Turns: 2024, Time: 00:01:41

Health: 0/33       AC:  1    Str: 15    XL:     4   Next: 49%
Magic:  4/4        EV: 11    Int: 10    God:
Gold:   125        SH:  9    Dex: 12    Spells: 0 memorised, 3 levels left

rFire  . . .     SeeInvis .     a - +0 long sword
rCold  . . .     Clarity  .     c - +0 shield
rNeg   . . .     SustAb   .     (helmet restricted)
rPois  .         Gourm    .     (no amulet)
rElec  .         Spirit   .     (no ring)
rCorr  .         Warding  .     (no ring)
rMut   .         Stasis   .     (no ring)
MR     .....                    (no ring)
Stlth  ++........               (no ring)
                                (no ring)
                                (no ring)
                                (no ring)

@: not resistant to hostile enchantments, unstealthy
A: almost no armour, amphibious, 8 rings, constrict 8, camouflage 1, gelatinous
body 1
a: no special abilities


You were in a sewer.
You were not hungry.

You visited 1 branch of the dungeon, and saw 3 of its levels.
You also visited: Sewer.

You collected 125 gold pieces.

Inventory:

Hand weapons
 a - a +0 long sword (weapon)
Armour
 c - a +0 shield (worn)
 p - a +0 large shield
Scrolls
 f - 2 scrolls of identify {unknown}
 h - a scroll of remove curse {unknown}
 j - a scroll of enchant armour {unknown}
 l - 2 scrolls of recharging {unknown}
Potions
 b - a potion of heal wounds {unknown}
 e - a potion of restore abilities {unknown}
 g - 2 potions of curing {unknown}
 i - 3 potions of magic {unknown}
 k - a potion of beneficial mutation {unknown}
 m - a potion of poison {unknown}
 n - a potion of invisibility {unknown}
 o - a potion of might
Comestibles
 d - a bread ration
 q - a chunk of flesh


   Skills:
 * Level 3.8 Fighting
 + Level 2.6 Long Blades
 * Level 3.6 Dodging
 * Level 3.6 Shields


You had 3 spell levels left.
You didn't know any spells.

Dungeon Overview and Level Annotations

Branches:
Dungeon (3/15)

Altars:
Cheibriados


Innate Abilities, Weirdness & Mutations

You cannot wear most types of armour.
You are amphibious.
You can wear up to eight rings at the same time.
You can use your tentacles to constrict many enemies at once.
Your skin changes colour to match your surroundings (Stealth).
Your rubbery body absorbs attacks (AC +1).


Message History

HP restored.
You see here a bat corpse.
A crocodile comes into view.
The crocodile moves out of view.
Found a gate leading back out of this place.
The crocodile is too close now for your liking.
A crocodile is nearby!
A crocodile is nearby!
A crocodile is nearby!
Found 39 gold pieces.
Found three items.
You hit the crocodile. You squeeze the crocodile.
The crocodile is lightly wounded.
The crocodile bites you!
You hit the crocodile.
You squeeze the crocodile, but do no damage.
The crocodile is moderately wounded.
You block the crocodile's attack. The crocodile bites you!!
Ouch! That really hurt!
You die...

?$? #..$$$..#
#.......#
#.......# .......
..... ... #######
#t# ##†....## #@#
#.†.≈...## #.#
...≈≈≈...#######.#
∩.≈≈†≈≈..........#
...≈≈≈...#######.#
#...≈...## #.#
##.....## #.#
####### #.# #.#


You could see a crocodile.

Vanquished Creatures
  An adder (D:2)
  A giant mite (D:3)
  A worm (D:2)
  A giant gecko (D:1)
  An ooze (D:2)
  3 giant cockroaches (D:2)
  4 goblins
  8 hobgoblins
  6 jackals
  2 quokkas (D:2)
  12 bats
  2 giant newts
  7 kobolds
  7 rats
56 creatures vanquished.

Notes
Turn   | Place    | Note
--------------------------------------------------------------
     0 | D:1      | Johnny, the Octopode Fighter, began the quest for the Orb.
     0 | D:1      | Reached XP level 1. HP: 16/16 MP: 1/1
    57 | D:1      | Reached XP level 2. HP: 10/21 MP: 2/2
   501 | D:1      | Found a snail-covered altar of Cheibriados.
   918 | D:2      | Reached XP level 3. HP: 26/26 MP: 3/3
  1484 | D:2      | Reached XP level 4. HP: 18/32 MP: 4/4
  1869 | D:3      | Found a glowing drain.
  1900 | Sewer    | Entered a sewer
  2019 | Sewer    | Noticed a crocodile
  2024 | Sewer    | Slain by a crocodile

Action                   |  1- 3 |  4- 6 || total
-------------------------+-------+-------++-------
Melee: Long sword        |    69 |    35 ||   104
  Use: Potion            |     1 |       ||     1
 Stab: Sleeping          |     4 |     2 ||     6
  Eat: Chunk             |     1 |       ||     1
       Bread ration      |       |     1 ||     1
